Punishers vs Senators
Created - 16 avril 2016 at 22:29
Goals
|
| Punishers |
1 |
3 |
1 |
0 |
2 |
6 |
| Senators |
0 |
2 |
3 |
0 |
0 |
5 |
|
Shots
|
| Punishers |
9 |
14 |
5 |
6 |
3 |
34 |
| Senators |
11 |
9 |
16 |
1 |
2 |
37 |
|
1st period
1. Punishers , Erik Condra 25 (Adam McQuaid, Kris Chucko) at 10:59 (PP)
Penalties :
Stanislav Chistov (BIN) for Holding (Minor) at 9:44, Patrick Wey (BIN) for Interference (Minor) at 14:28, Michal Grosek (BIN) for Interference (Minor) at 14:43
2nd period
2. Senators , Josh Hennessy 12 (Erik Karlsson, Sergei Kostitsyn) at 5:21 (PP)
3. Punishers , Tanner Glass 37 (Radek Smolenak, Casey Cizikas) at 10:49
4. Senators , Erik Karlsson 12 (Sergei Kostitsyn, Logan Stephenson) at 17:09
5. Punishers , Kris Chucko 36 (Petteri Nokelainen, Mike Sauer) at 18:58
6. Punishers , Tanner Glass 38 (Éric Perrin, Adam McQuaid) at 19:47
Penalties :
Casey Cizikas (Pro) for Holding (Minor) at 1:04, Simon Despres (Pro) for Hooking (Minor) at 5:10, Michal Grosek (BIN) for Tripping (Minor) at 7:26, Patrick Wey (BIN) for Diving (Minor) at 13:57
3rd period
7. Senators , Sergei Kostitsyn 50 (Stanislav Chistov, Nick Bjugstad) at 13:24
8. Senators , Gabriel Bourque 13 (Jack Skille) at 14:12
9. Senators , Gabriel Bourque 14 (Mark Olver, Jack Skille) at 17:11
10. Punishers , Adam Pineault 41 (Tanner Glass, Éric Perrin) at 19:28
Penalties :
Tanner Glass (Pro) for High sticking (Minor) at 0:48, Quinton Howden (Pro) for Roughing (Double Minor) at 1:10, Mike Sauer (Pro) for Tripping (Minor) at 14:31
Overtime #1
No Goal
Penalties :
No Penalty
Shootout
Penalty Shot by Éric Perrin for Punishers - Goal!
Penalty Shot by Sergei Kostitsyn for Senators - Shot Misses the Net
Penalty Shot by Tanner Glass for Punishers - Stopped by Jonas Gustavsson
Penalty Shot by Michal Grosek for Senators - Stopped by Kevin Poulin
Penalty Shot by Kris Chucko for Punishers - Goal!
Penalties :
No Penalty
Goalie Stats
Kevin Poulin (Pro), 32 saves from 37 shots - (0,865), W, 27-24-6, 64:27 minutes
Jonas Gustavsson (BIN), 29 saves from 34 shots - (0,853), OTL, 39-20-4, 65:00 minutes
Players Stats for Punishers
Player Name G A P +/- PIM S H SB GA TA FO MP PP MP PK MP
------------------------------------------------------------------------------------
Adam McQuaid 0 2 2 0 0 3 2 0 0 2 0/0 23:48 3:04 3:31
Adam Pineault 1 0 1 2 0 3 1 0 0 0 1/1 15:56 3:35 1:55
Alex Petrovic 0 0 0 1 0 0 1 2 0 1 0/0 12:38 0:00 0:09
Brandon McMillan 0 0 0 0 0 1 0 0 0 0 0/0 4:10 0:19 0:00
Casey Cizikas 0 1 1 1 2 2 1 0 0 0 2/4 11:32 0:00 1:29
Éric Perrin 0 2 2 0 0 1 2 0 1 1 14/32 28:06 3:36 4:20
Erik Condra 1 0 1 -1 0 4 0 0 0 0 0/1 18:04 3:42 0:00
Frazer Mclaren 0 0 0 -2 0 0 2 0 0 0 0/0 10:32 0:00 0:00
Jean-François Jacques 0 0 0 0 0 0 0 0 0 0 0/0 3:23 0:09 0:58
Justin Falk 0 0 0 -1 0 1 1 3 0 1 0/0 29:06 4:32 5:07
Kris Chucko 1 1 2 -1 0 7 2 0 2 1 0/1 21:26 3:42 1:55
Luke Adam 0 0 0 -2 0 1 1 0 0 0 0/4 10:32 0:00 0:00
Matt Mackenzie 0 0 0 1 0 1 0 1 0 0 0/0 12:52 0:00 0:52
Michael Ferland 0 0 0 0 0 0 0 0 0 0 0/0 0:00 0:00 0:00
Mike Sauer 0 1 1 -1 2 2 5 1 0 1 0/0 28:25 4:32 3:58
Petteri Nokelainen 0 1 1 -1 0 1 2 0 1 0 3/14 18:04 3:42 0:00
Philippe Paradis 0 0 0 0 0 0 0 0 0 0 0/0 0:12 0:00 0:12
Quinton Howden 0 0 0 0 4 0 0 0 0 0 0/0 1:16 0:00 1:04
Radek Smolenak 0 1 1 1 0 1 0 0 0 0 0/0 9:35 0:00 0:00
Simon Despres 0 0 0 0 2 0 0 1 0 1 0/0 23:53 2:55 3:23
Tanner Glass 2 1 3 3 2 6 1 2 2 2 1/1 26:18 3:27 3:29
Players Stats for Senators
Player Name G A P +/- PIM S H SB GA TA FO MP PP MP PK MP
------------------------------------------------------------------------------------
Cody Hodgson 0 0 0 -1 0 1 1 0 1 0 4/4 14:31 3:26 0:00
Dylan Hunter 0 0 0 0 0 3 3 0 0 0 0/0 9:47 0:00 1:02
Erik Karlsson 1 1 2 1 0 4 4 1 3 2 0/0 30:33 4:58 3:55
Gabriel Bourque 2 0 2 2 0 4 0 0 1 0 0/0 12:37 0:00 2:07
Jack Skille 0 2 2 1 0 1 0 0 0 0 0/0 12:35 0:30 0:16
Josh Hennessy 1 0 1 0 0 2 2 1 1 0 15/29 20:48 4:35 1:08
Logan Stephenson 0 1 1 -2 0 1 0 0 0 1 0/0 24:20 3:32 3:32
Mark Olver 0 1 1 2 0 0 2 0 1 0 7/7 11:00 0:29 0:00
Martin Marincin 0 0 0 1 0 1 0 0 0 0 0/0 10:07 0:00 0:00
Matt Frattin 0 0 0 0 0 1 0 1 0 0 0/0 8:27 0:29 0:00
Michal Grosek 0 0 0 -2 4 4 1 1 1 1 0/1 20:34 3:26 2:16
Milan Jurcina 0 0 0 1 0 1 3 1 0 1 0/0 30:33 4:58 3:55
Nick Bjugstad 0 1 1 -1 0 1 3 0 0 0 2/4 10:21 0:00 1:13
Patrick Wey 0 0 0 1 4 0 0 0 0 0 0/0 10:15 0:00 0:06
Sergei Kostitsyn 1 2 3 0 0 7 0 0 1 0 9/13 25:05 4:35 4:14
Shane Sims 0 0 0 -2 0 0 0 2 0 1 0/0 24:20 3:32 3:32
Stanislav Chistov 0 1 1 0 2 4 2 0 0 0 0/0 20:26 4:35 0:47
Steven Goertzen 0 0 0 -1 0 2 2 0 1 0 0/0 14:25 3:25 0:00
3 Stars
1 - Tanner Glass (Pro)
2 - Gabriel Bourque (BIN)
3 - Erik Karlsson (BIN)
Power Play
Punishers - 1 on 5 Attempt(s) - 20,00%
Senators - 1 on 6 Attempt(s) - 16,67%
Penalty Kill
Punishers - 5 on 6 Attempt(s) - 83,33%
- Score 0 goal in Penalty Kill
Senators - 4 on 5 Attempt(s) - 80,00%
- Score 0 goal in Penalty Kill
Team Stat
Punishers - Hits : 21 - Faceoff Wins : 21 - Blocked Shots : 10 - Penalty Minutes : 12
Senators - Hits : 23 - Faceoff Wins : 37 - Blocked Shots : 7 - Penalty Minutes : 10
Official
Referees : Auger Stephane and Charron Francis
Linesman : Michel Cormier and Jonny Murray
Game Notes
No Game Note
Finance
Level 1 -- Attendance: 1601 (80,05%) -- Ticket Income 48 030 $
Level 2 -- Attendance: 786 (78,60%) -- Ticket Income 7 860 $
Total Attendance: 2387 (79,57%)
Total Ticket Income: 55 890 $
Other Income: 2 794 $
Total Income: 58 684 $
Punishers
5 vs 5 Forward
Center Left Wing Right Wing Time % Phy DF OF
1 Éric Perrin Tanner Glass Adam Pineault 40 1 2 2
2 Petteri Nokelainen Kris Chucko Erik Condra 30 1 2 2
3 Luke Adam Frazer Mclaren Éric Perrin 20 1 2 2
4 Casey Cizikas Radek Smolenak Tanner Glass 10 1 2 2
5 vs 5 Defense
Defense Defense Time % Phy DF OF
1 Justin Falk Mike Sauer 40 1 2 2
2 Adam McQuaid Simon Despres 30 1 2 2
3 Alex Petrovic Matt Mackenzie 20 1 2 2
4 Justin Falk Mike Sauer 10 1 2 2
PowerPlay Forward
Center Left Wing Right Wing Time % Phy DF OF
1 Éric Perrin Tanner Glass Adam Pineault 60 1 2 2
2 Petteri Nokelainen Kris Chucko Erik Condra 40 1 2 2
PowerPlay Defense
Defense Defense Time % Phy DF OF
1 Justin Falk Mike Sauer 60 1 2 2
2 Adam McQuaid Simon Despres 40 1 2 2
Penalty Kill 4 Players Forward
Center Wing Time % Phy DF OF
1 Éric Perrin Tanner Glass 60 1 2 2
2 Kris Chucko Adam Pineault 40 1 2 2
Penalty Kill 4 Players Defense
Defense Defense Time % Phy DF OF
1 Justin Falk Mike Sauer 60 1 2 2
2 Adam McQuaid Simon Despres 40 1 2 2
Penalty Kill - 3 Players Forward
Forward Time % Phy DF OF
1 Éric Perrin 60 1 2 2
2 Tanner Glass 40 1 2 2
Penalty Kill - 3 Players Defense
Defense Defense Time % Phy DF OF
1 Justin Falk Mike Sauer 60 1 2 2
2 Adam McQuaid Simon Despres 40 1 2 2
4 vs 4 Forward
Center Wing Time % Phy DF OF
1 Éric Perrin Tanner Glass 60 1 2 2
2 Kris Chucko Adam Pineault 40 1 2 2
4 vs 4 Defense
Defense Defense Time % Phy DF OF
1 Justin Falk Mike Sauer 60 1 2 2
2 Adam McQuaid Simon Despres 40 1 2 2
Last Minutes Offensive
Center Left Wing Right Wing Defense Defense
Éric Perrin Tanner Glass Adam Pineault Justin Falk Mike Sauer
Last Minutes Defensive
Center Left Wing Right Wing Defense Defense
Éric Perrin Tanner Glass Adam Pineault Justin Falk Mike Sauer
Goaltenders
Starting : Kevin Poulin
Backup : Niklas Svedberg
Extra Forwards
Normal : Brandon McMillan, Jean-François Jacques, Quinton Howden - PP : Brandon McMillan, Jean-François Jacques - PK : Quinton Howden
Extra Defensemen
Normal : Alex Petrovic, Matt Mackenzie, Adam McQuaid - PP : Alex Petrovic - PK : Matt Mackenzie, Adam McQuaid
Penalty Shots
Éric Perrin, Tanner Glass, Kris Chucko, Adam Pineault, Erik Condra
Senators
5 vs 5 Forward
Center Left Wing Right Wing Time % Phy DF OF
1 Josh Hennessy Sergei Kostitsyn Stanislav Chistov 39 1 2 2
2 Cody Hodgson Michal Grosek Steven Goertzen 29 1 2 2
3 Mark Olver Gabriel Bourque Jack Skille 20 1 2 2
4 Nick Bjugstad Dylan Hunter Matt Frattin 12 1 2 2
5 vs 5 Defense
Defense Defense Time % Phy DF OF
1 Milan Jurcina Erik Karlsson 40 1 2 2
2 Logan Stephenson Shane Sims 30 1 2 2
3 Patrick Wey Martin Marincin 20 1 2 2
4 Milan Jurcina Erik Karlsson 10 1 2 2
PowerPlay Forward
Center Left Wing Right Wing Time % Phy DF OF
1 Josh Hennessy Sergei Kostitsyn Stanislav Chistov 60 0 2 3
2 Cody Hodgson Michal Grosek Steven Goertzen 40 0 2 3
PowerPlay Defense
Defense Defense Time % Phy DF OF
1 Milan Jurcina Erik Karlsson 60 1 2 2
2 Logan Stephenson Shane Sims 40 1 2 2
Penalty Kill 4 Players Forward
Center Wing Time % Phy DF OF
1 Sergei Kostitsyn Michal Grosek 60 0 3 2
2 Josh Hennessy Stanislav Chistov 40 0 3 2
Penalty Kill 4 Players Defense
Defense Defense Time % Phy DF OF
1 Milan Jurcina Erik Karlsson 60 1 2 2
2 Logan Stephenson Shane Sims 40 1 2 2
Penalty Kill - 3 Players Forward
Forward Time % Phy DF OF
1 Sergei Kostitsyn 60 0 3 2
2 Michal Grosek 40 0 3 2
Penalty Kill - 3 Players Defense
Defense Defense Time % Phy DF OF
1 Milan Jurcina Erik Karlsson 60 1 2 2
2 Logan Stephenson Shane Sims 40 1 2 2
4 vs 4 Forward
Center Wing Time % Phy DF OF
1 Sergei Kostitsyn Michal Grosek 60 1 2 2
2 Josh Hennessy Stanislav Chistov 40 1 2 2
4 vs 4 Defense
Defense Defense Time % Phy DF OF
1 Milan Jurcina Erik Karlsson 60 1 2 2
2 Logan Stephenson Shane Sims 40 1 2 2
Last Minutes Offensive
Center Left Wing Right Wing Defense Defense
Josh Hennessy Sergei Kostitsyn Stanislav Chistov Milan Jurcina Erik Karlsson
Last Minutes Defensive
Center Left Wing Right Wing Defense Defense
Josh Hennessy Sergei Kostitsyn Stanislav Chistov Milan Jurcina Erik Karlsson
Goaltenders
Starting : Jonas Gustavsson
Backup : Alexander Salak
Extra Forwards
Normal : Jack Skille, Mark Olver, Gabriel Bourque - PP : Jack Skille, Mark Olver - PK : Gabriel Bourque
Extra Defensemen
Normal : Patrick Wey, Martin Marincin, Logan Stephenson - PP : Patrick Wey - PK : Martin Marincin, Logan Stephenson
Penalty Shots
Sergei Kostitsyn, Michal Grosek, Josh Hennessy, Stanislav Chistov, Steven Goertzen
% Time on Ice - Punishers
Lines # - Real PCT - Wanted PCT - Time Play
Normal Forward
1 - 21% - 40% - 9:10
2 - 33% - 30% - 14:22
3 - 24% - 20% - 10:32
4 - 22% - 10% - 9:35
Normal Defense
1 - 37% - 40% - 16:05
2 - 35% - 30% - 15:09
3 - 27% - 20% - 11:43
4 - 2% - 10% - 0:42
PP Forward
1 - 50% - 60% - 3:45
2 - 50% - 40% - 3:42
PP Defense
1 - 61% - 60% - 4:32
2 - 39% - 40% - 2:55
PK Forward
1 - 72% - 60% - 4:58
2 - 28% - 40% - 1:55
PK Defense
1 - 66% - 60% - 4:31
2 - 34% - 40% - 2:22
PK3 Forward
1 - 81% - 60% - 1:19
2 - 19% - 40% - 0:18
PK3 Defense
1 - 56% - 60% - 0:54
2 - 44% - 40% - 0:43
44 Forward
1 - 71% - 60% - 3:33
2 - 29% - 40% - 1:27
44 Defense
1 - 61% - 60% - 3:02
2 - 39% - 40% - 1:58
Last Minute Offensive - 0:24
Last Minute Defensive - 0:00
Total
Forward - 65:00
Defense - 65:00
|
% Time on Ice - Senators
Lines # - Real PCT - Wanted PCT - Time Play
Normal Forward
1 - 35% - 39% - 15:26
2 - 25% - 29% - 11:05
3 - 21% - 20% - 9:11
4 - 18% - 12% - 7:58
Normal Defense
1 - 39% - 40% - 16:57
2 - 34% - 30% - 14:58
3 - 23% - 20% - 9:51
4 - 4% - 10% - 1:54
PP Forward
1 - 60% - 60% - 5:04
2 - 40% - 40% - 3:26
PP Defense
1 - 58% - 60% - 4:58
2 - 42% - 40% - 3:32
PK Forward
1 - 82% - 60% - 4:40
2 - 18% - 40% - 1:03
PK Defense
1 - 50% - 60% - 2:52
2 - 50% - 40% - 2:51
PK3 Forward
1 - 61% - 60% - 1:03
2 - 39% - 40% - 0:41
PK3 Defense
1 - 61% - 60% - 1:03
2 - 39% - 40% - 0:41
44 Forward
1 - 77% - 60% - 3:50
2 - 23% - 40% - 1:10
44 Defense
1 - 62% - 60% - 3:05
2 - 38% - 40% - 1:55
Last Minute Offensive - 0:00
Last Minute Defensive - 0:23
Total
Forward - 65:00
Defense - 65:00
|
Play by Play
1st period
0:01 of 1st period - Josh Hennessy wins face-off versus Éric Perrin in neutral zone.
0:08 of 1st period - Wrist shot by Josh Hennessy.
0:08 of 1st period - Shot Misses the Net.
0:10 of 1st period - Snap shot by Milan Jurcina.
0:10 of 1st period - Shot Blocked by Justin Falk.
0:12 of 1st period - Snap shot by Josh Hennessy.
0:12 of 1st period - Shot Hit the Post.
0:14 of 1st period - Wrist shot by Stanislav Chistov.
0:14 of 1st period - Stopped by Kevin Poulin with a rebound.
0:16 of 1st period - Slapshot by Sergei Kostitsyn.
0:16 of 1st period - Stopped by Kevin Poulin without a rebound.
0:17 of 1st period - Cody Hodgson wins face-off versus Petteri Nokelainen in Punishers zone.
1:08 of 1st period - Simon Despres is hit by Dylan Hunter and loses puck.
2:25 of 1st period - Kris Chucko is hit by Steven Goertzen and loses puck.
2:30 of 1st period - Wrist shot by Steven Goertzen.
2:30 of 1st period - Stopped by Kevin Poulin without a rebound.
2:31 of 1st period - Cody Hodgson wins face-off versus Luke Adam in Punishers zone.
2:42 of 1st period - Wrist shot by Steven Goertzen.
2:42 of 1st period - Shot Blocked by Alex Petrovic.
2:44 of 1st period - Snap shot by Steven Goertzen.
2:44 of 1st period - Shot Misses the Net.
2:46 of 1st period - Slapshot by Milan Jurcina.
2:46 of 1st period - Shot Misses the Net.
2:48 of 1st period - Wrist shot by Michal Grosek.
2:48 of 1st period - Stopped by Kevin Poulin without a rebound.
2:49 of 1st period - Sergei Kostitsyn wins face-off versus Petteri Nokelainen in Punishers zone.
2:52 of 1st period - Slapshot by Erik Karlsson.
2:52 of 1st period - Shot Blocked by Justin Falk.
3:55 of 1st period - Erik Karlsson is hit by Éric Perrin and loses puck.
4:49 of 1st period - Logan Stephenson is hit by Luke Adam and loses puck.
5:32 of 1st period - Off-side.
5:33 of 1st period - Mark Olver wins face-off versus Luke Adam in neutral zone.
5:40 of 1st period - Patrick Wey is hit by Frazer Mclaren and loses puck.
6:01 of 1st period - Snap shot by Stanislav Chistov.
6:01 of 1st period - Stopped by Kevin Poulin without a rebound.
6:02 of 1st period - Josh Hennessy wins face-off versus Petteri Nokelainen in Punishers zone.
6:27 of 1st period - Simon Despres is hit by Cody Hodgson and loses puck.
6:32 of 1st period - Snap shot by Michal Grosek.
6:32 of 1st period - Stopped by Kevin Poulin without a rebound.
6:33 of 1st period - Cody Hodgson wins face-off versus Éric Perrin in Punishers zone.
7:24 of 1st period - Snap shot by Dylan Hunter.
7:24 of 1st period - Shot Misses the Net.
7:30 of 1st period - Snap shot by Dylan Hunter.
7:30 of 1st period - Stopped by Kevin Poulin with a rebound.
8:38 of 1st period - Snap shot by Dylan Hunter.
8:38 of 1st period - Stopped by Kevin Poulin without a rebound.
8:39 of 1st period - Tanner Glass wins face-off versus Nick Bjugstad in Punishers zone.
9:08 of 1st period - Off-side.
9:09 of 1st period - Éric Perrin wins face-off versus Michal Grosek in neutral zone.
9:20 of 1st period - Snap shot by Éric Perrin.
9:20 of 1st period - Shot Misses the Net.
9:26 of 1st period - Adam Pineault is hit by Michal Grosek and loses puck.
9:44 of 1st period - Minor Penalty to Stanislav Chistov for Holding.
9:45 of 1st period - Éric Perrin wins face-off versus Sergei Kostitsyn in Senators zone.
10:17 of 1st period - Wrist shot by Kris Chucko.
10:17 of 1st period - Stopped by Jonas Gustavsson with a rebound.
10:19 of 1st period - Snap shot by Simon Despres.
10:19 of 1st period - Shot Blocked by Milan Jurcina.
10:21 of 1st period - Snap shot by Erik Condra.
10:21 of 1st period - Stopped by Jonas Gustavsson without a rebound.
10:22 of 1st period - Josh Hennessy wins face-off versus Petteri Nokelainen in Senators zone.
10:39 of 1st period - Slapshot by Petteri Nokelainen.
10:39 of 1st period - Shot Hit the Post.
10:41 of 1st period - Wrist shot by Kris Chucko.
10:41 of 1st period - Shot Blocked by Michal Grosek.
10:43 of 1st period - Snap shot by Kris Chucko.
10:43 of 1st period - Stopped by Jonas Gustavsson with a rebound.
10:45 of 1st period - Snap shot by Kris Chucko.
10:45 of 1st period - Stopped by Jonas Gustavsson with a rebound.
10:47 of 1st period - Slapshot by Petteri Nokelainen.
10:47 of 1st period - Stopped by Jonas Gustavsson with a rebound.
10:55 of 1st period - Snap shot by Kris Chucko.
10:55 of 1st period - Stopped by Jonas Gustavsson with a rebound.
10:57 of 1st period - Backhand shot by Adam McQuaid.
10:57 of 1st period - Shot Misses the Net.
10:59 of 1st period - Wrist shot by Erik Condra.
10:59 of 1st period - Goal by Erik Condra - Punishers : 1 - Senators : 0.
11:00 of 1st period - Mark Olver wins face-off versus Éric Perrin in neutral zone.
11:05 of 1st period - Snap shot by Gabriel Bourque.
11:05 of 1st period - Shot Blocked by Justin Falk.
11:13 of 1st period - Wrist shot by Gabriel Bourque.
11:13 of 1st period - Shot Misses the Net.
11:46 of 1st period - Wrist shot by Luke Adam.
11:46 of 1st period - Shot Misses the Net.
11:48 of 1st period - Slapshot by Mike Sauer.
11:48 of 1st period - Shot Misses the Net.
12:00 of 1st period - Wrist shot by Casey Cizikas.
12:00 of 1st period - Stopped by Jonas Gustavsson without a rebound.
12:01 of 1st period - Casey Cizikas wins face-off versus Josh Hennessy in Senators zone.
12:08 of 1st period - Snap shot by Stanislav Chistov.
12:08 of 1st period - Stopped by Kevin Poulin with a rebound.
12:36 of 1st period - Snap shot by Kris Chucko.
12:36 of 1st period - Shot Blocked by Erik Karlsson.
12:38 of 1st period - Snap shot by Adam McQuaid.
12:38 of 1st period - Shot Misses the Net.
12:40 of 1st period - Snap shot by Erik Condra.
12:40 of 1st period - Stopped by Jonas Gustavsson with a rebound.
12:52 of 1st period - Snap shot by Steven Goertzen.
12:52 of 1st period - Shot Blocked by Matt Mackenzie.
13:39 of 1st period - Icing by Éric Perrin.
13:40 of 1st period - Éric Perrin wins face-off versus Josh Hennessy in Punishers zone.
14:08 of 1st period - Patrick Wey is hit by Alex Petrovic.
14:28 of 1st period - Minor Penalty to Patrick Wey for Interference.
14:29 of 1st period - Sergei Kostitsyn wins face-off versus Petteri Nokelainen in Senators zone.
14:43 of 1st period - Minor Penalty to Michal Grosek for Interference.
14:44 of 1st period - Adam Pineault wins face-off versus Sergei Kostitsyn in Senators zone.
16:28 of 1st period - Penalty to Patrick Wey is over, Patrick Wey is back on ice.
16:43 of 1st period - Penalty to Michal Grosek is over, Michal Grosek is back on ice.
16:49 of 1st period - Slapshot by Erik Karlsson.
16:49 of 1st period - Shot Blocked by Tanner Glass.
19:45 of 1st period - Slapshot by Steven Goertzen.
19:45 of 1st period - Shot Misses the Net.
19:47 of 1st period - Snap shot by Michal Grosek.
19:47 of 1st period - Shot Misses the Net.
19:49 of 1st period - Slapshot by Michal Grosek.
19:49 of 1st period - Stopped by Kevin Poulin with a rebound.
19:51 of 1st period - Slapshot by Shane Sims.
19:51 of 1st period - Shot Misses the Net.
19:53 of 1st period - Wrist shot by Cody Hodgson.
19:53 of 1st period - Stopped by Kevin Poulin with a rebound.
Goals for this period are 1 for Punishers vs 0 for Senators.
Shots for this period are 9 for Punishers vs 11 for Senators.
2nd period
0:01 of 2nd period - Éric Perrin wins face-off versus Josh Hennessy in neutral zone.
0:31 of 2nd period - Snap shot by Erik Condra.
0:31 of 2nd period - Stopped by Jonas Gustavsson with a rebound.
0:49 of 2nd period - Michal Grosek is hit by Casey Cizikas and loses puck.
0:56 of 2nd period - Wrist shot by Steven Goertzen.
0:56 of 2nd period - Shot Blocked by Simon Despres.
0:58 of 2nd period - Snap shot by Cody Hodgson.
0:58 of 2nd period - Shot Misses the Net.
1:04 of 2nd period - Minor Penalty to Casey Cizikas for Holding.
1:05 of 2nd period - Josh Hennessy wins face-off versus Éric Perrin in Punishers zone.
1:32 of 2nd period - Justin Falk is hit by Erik Karlsson and loses puck.
1:44 of 2nd period - Off-side.
1:45 of 2nd period - Josh Hennessy wins face-off versus Kris Chucko in neutral zone.
1:57 of 2nd period - Snap shot by Kris Chucko.
1:57 of 2nd period - Shot Blocked by Josh Hennessy.
2:55 of 2nd period - Wrist shot by Adam Pineault.
2:55 of 2nd period - Stopped by Jonas Gustavsson with a rebound.
3:04 of 2nd period - Penalty to Casey Cizikas is over, Casey Cizikas is back on ice.
3:09 of 2nd period - Snap shot by Kris Chucko.
3:09 of 2nd period - Stopped by Jonas Gustavsson with a rebound.
3:11 of 2nd period - Wrist shot by Justin Falk.
3:11 of 2nd period - Stopped by Jonas Gustavsson with a rebound.
3:13 of 2nd period - Snap shot by Justin Falk.
3:13 of 2nd period - Shot Blocked by Shane Sims.
3:27 of 2nd period - Éric Perrin is hit by Dylan Hunter and loses puck.
3:48 of 2nd period - Snap shot by Jack Skille.
3:48 of 2nd period - Shot Misses the Net.
4:19 of 2nd period - Milan Jurcina is hit by Adam Pineault and loses puck.
4:41 of 2nd period - Mike Sauer is hit by Mark Olver.
4:57 of 2nd period - Wrist shot by Dylan Hunter.
4:57 of 2nd period - Stopped by Kevin Poulin without a rebound.
4:58 of 2nd period - Nick Bjugstad wins face-off versus Petteri Nokelainen in Punishers zone.
5:10 of 2nd period - Minor Penalty to Simon Despres for Hooking.
5:11 of 2nd period - Éric Perrin wins face-off versus Josh Hennessy in Punishers zone.
5:17 of 2nd period - Wrist shot by Sergei Kostitsyn.
5:17 of 2nd period - Shot Misses the Net.
5:19 of 2nd period - Slapshot by Erik Karlsson.
5:19 of 2nd period - Stopped by Kevin Poulin with a rebound.
5:21 of 2nd period - Snap shot by Josh Hennessy.
5:21 of 2nd period - Goal by Josh Hennessy - Punishers : 1 - Senators : 1.
5:22 of 2nd period - Josh Hennessy wins face-off versus Éric Perrin in neutral zone.
5:26 of 2nd period - Erik Karlsson is hit by Mike Sauer and loses puck.
6:08 of 2nd period - Wrist shot by Gabriel Bourque.
6:08 of 2nd period - Shot Misses the Net.
6:23 of 2nd period - Icing by Justin Falk.
6:24 of 2nd period - Casey Cizikas wins face-off versus Nick Bjugstad in Punishers zone.
6:24 of 2nd period - Casey Cizikas is hit by Nick Bjugstad.
6:32 of 2nd period - Snap shot by Casey Cizikas.
6:32 of 2nd period - Stopped by Jonas Gustavsson with a rebound.
6:34 of 2nd period - Wrist shot by Tanner Glass.
6:34 of 2nd period - Shot Blocked by Matt Frattin.
6:38 of 2nd period - Snap shot by Tanner Glass.
6:38 of 2nd period - Stopped by Jonas Gustavsson without a rebound.
6:39 of 2nd period - Josh Hennessy wins face-off versus Éric Perrin in Senators zone.
6:57 of 2nd period - Tanner Glass is hit by Milan Jurcina and loses puck.
7:26 of 2nd period - Minor Penalty to Michal Grosek for Tripping.
7:27 of 2nd period - Éric Perrin wins face-off versus Sergei Kostitsyn in Senators zone.
7:28 of 2nd period - Backhand shot by Tanner Glass.
7:28 of 2nd period - Shot Blocked by Shane Sims.
7:40 of 2nd period - Slapshot by Logan Stephenson.
7:40 of 2nd period - Stopped by Kevin Poulin with a rebound.
7:42 of 2nd period - Slapshot by Logan Stephenson.
7:42 of 2nd period - Shot Blocked by Mike Sauer.
7:52 of 2nd period - Gabriel Bourque is hit by Mike Sauer.
9:26 of 2nd period - Penalty to Michal Grosek is over, Michal Grosek is back on ice.
9:43 of 2nd period - Icing by Nick Bjugstad.
9:44 of 2nd period - Nick Bjugstad wins face-off versus Casey Cizikas in Senators zone.
9:51 of 2nd period - Slapshot by Erik Karlsson.
9:51 of 2nd period - Stopped by Kevin Poulin with a rebound.
9:53 of 2nd period - Slapshot by Erik Karlsson.
9:53 of 2nd period - Shot Misses the Net.
10:49 of 2nd period - Snap shot by Tanner Glass.
10:49 of 2nd period - Goal by Tanner Glass - Punishers : 2 - Senators : 1.
10:50 of 2nd period - Josh Hennessy wins face-off versus Petteri Nokelainen in neutral zone.
11:19 of 2nd period - Stanislav Chistov is hit by Adam McQuaid and loses puck.
11:24 of 2nd period - Wrist shot by Éric Perrin.
11:24 of 2nd period - Stopped by Jonas Gustavsson with a rebound.
11:38 of 2nd period - Snap shot by Stanislav Chistov.
11:38 of 2nd period - Shot Misses the Net.
12:12 of 2nd period - Radek Smolenak is hit by Steven Goertzen and loses puck.
13:10 of 2nd period - Erik Karlsson is hit by Frazer Mclaren and loses puck.
13:15 of 2nd period - Slapshot by Luke Adam.
13:15 of 2nd period - Stopped by Jonas Gustavsson with a rebound.
13:17 of 2nd period - Snap shot by Brandon McMillan.
13:17 of 2nd period - Stopped by Jonas Gustavsson with a rebound.
13:19 of 2nd period - Slapshot by Matt Mackenzie.
13:19 of 2nd period - Stopped by Jonas Gustavsson with a rebound.
13:44 of 2nd period - Icing by Patrick Wey.
13:45 of 2nd period - Mark Olver wins face-off versus Petteri Nokelainen in Senators zone.
13:57 of 2nd period - Minor Penalty to Patrick Wey for Diving.
13:58 of 2nd period - Sergei Kostitsyn wins face-off versus Éric Perrin in Senators zone.
14:11 of 2nd period - Snap shot by Adam Pineault.
14:11 of 2nd period - Stopped by Jonas Gustavsson with a rebound.
14:52 of 2nd period - Erik Karlsson is hit by Tanner Glass and loses puck.
15:57 of 2nd period - Penalty to Patrick Wey is over, Patrick Wey is back on ice.
16:22 of 2nd period - Nick Bjugstad is hit by Justin Falk and loses puck.
17:07 of 2nd period - Snap shot by Sergei Kostitsyn.
17:07 of 2nd period - Stopped by Kevin Poulin with a rebound.
17:09 of 2nd period - Snap shot by Erik Karlsson.
17:09 of 2nd period - Deflect By Erik Condra.
17:09 of 2nd period - Goal by Erik Karlsson - Punishers : 2 - Senators : 2.
17:10 of 2nd period - Éric Perrin wins face-off versus Josh Hennessy in neutral zone.
17:30 of 2nd period - Éric Perrin is hit by Milan Jurcina and loses puck.
17:41 of 2nd period - Erik Karlsson is hit by Petteri Nokelainen and loses puck.
18:14 of 2nd period - Luke Adam is hit by Nick Bjugstad and loses puck.
18:35 of 2nd period - Snap shot by Gabriel Bourque.
18:35 of 2nd period - Stopped by Kevin Poulin with a rebound.
18:37 of 2nd period - Slapshot by Jack Skille.
18:37 of 2nd period - Shot Misses the Net.
18:41 of 2nd period - Slapshot by Jack Skille.
18:41 of 2nd period - Shot Misses the Net.
18:58 of 2nd period - Wrist shot by Kris Chucko.
18:58 of 2nd period - Goal by Kris Chucko - Punishers : 3 - Senators : 2.
18:59 of 2nd period - Éric Perrin wins face-off versus Josh Hennessy in neutral zone.
19:47 of 2nd period - Backhand shot by Tanner Glass.
19:47 of 2nd period - Goal by Tanner Glass - Punishers : 4 - Senators : 2.
19:48 of 2nd period - Sergei Kostitsyn wins face-off versus Petteri Nokelainen in neutral zone.
19:51 of 2nd period - Slapshot by Milan Jurcina.
19:51 of 2nd period - Stopped by Kevin Poulin without a rebound.
19:52 of 2nd period - Petteri Nokelainen wins face-off versus Josh Hennessy in Punishers zone.
19:52 of 2nd period - Petteri Nokelainen is hit by Erik Karlsson.
Goals for this period are 3 for Punishers vs 2 for Senators.
Shots for this period are 14 for Punishers vs 9 for Senators.
3rd period
0:01 of 3rd period - Josh Hennessy wins face-off versus Éric Perrin in neutral zone.
0:43 of 3rd period - Slapshot by Stanislav Chistov.
0:43 of 3rd period - Deflect By Sergei Kostitsyn.
0:43 of 3rd period - Shot Misses the Net.
0:43 of 3rd period - Puck is out of play.
0:44 of 3rd period - Cody Hodgson wins face-off versus Éric Perrin in Punishers zone.
0:48 of 3rd period - Minor Penalty to Tanner Glass for High sticking.
0:49 of 3rd period - Josh Hennessy wins face-off versus Éric Perrin in Punishers zone.
0:53 of 3rd period - Slapshot by Josh Hennessy.
0:53 of 3rd period - Stopped by Kevin Poulin with a rebound.
0:55 of 3rd period - Wrist shot by Erik Karlsson.
0:55 of 3rd period - Deflect By Sergei Kostitsyn.
0:55 of 3rd period - Stopped by Kevin Poulin without a rebound.
0:56 of 3rd period - Éric Perrin wins face-off versus Josh Hennessy in Punishers zone.
1:07 of 3rd period - Slapshot by Erik Karlsson.
1:07 of 3rd period - Stopped by Kevin Poulin without a rebound.
1:08 of 3rd period - Éric Perrin wins face-off versus Josh Hennessy in Punishers zone.
1:10 of 3rd period - Double Minor Penalty to Quinton Howden for Roughing.
1:11 of 3rd period - Josh Hennessy wins face-off versus Éric Perrin in Punishers zone.
1:13 of 3rd period - Wrist shot by Sergei Kostitsyn.
1:13 of 3rd period - Stopped by Kevin Poulin with a rebound.
1:15 of 3rd period - Slapshot by Milan Jurcina.
1:15 of 3rd period - Shot Misses the Net.
1:27 of 3rd period - Slapshot by Stanislav Chistov.
1:27 of 3rd period - Shot Misses the Net.
2:48 of 3rd period - Penalty to Tanner Glass is over, Tanner Glass is back on ice.
3:13 of 3rd period - Icing by Shane Sims.
3:14 of 3rd period - Éric Perrin wins face-off versus Josh Hennessy in Senators zone.
3:23 of 3rd period - Éric Perrin is hit by Josh Hennessy and loses puck.
4:31 of 3rd period - Tanner Glass is hit by Mark Olver and loses puck.
5:10 of 3rd period - Penalty to Quinton Howden is over, Quinton Howden is back on ice.
5:40 of 3rd period - Snap shot by Gabriel Bourque.
5:40 of 3rd period - Stopped by Kevin Poulin without a rebound.
5:41 of 3rd period - Mark Olver wins face-off versus Casey Cizikas in Punishers zone.
5:46 of 3rd period - Slapshot by Jack Skille.
5:46 of 3rd period - Shot Misses the Net.
7:04 of 3rd period - Mike Sauer is hit by Dylan Hunter and loses puck.
7:46 of 3rd period - Logan Stephenson is hit by Éric Perrin and loses puck.
8:00 of 3rd period - Icing by Petteri Nokelainen.
8:01 of 3rd period - Petteri Nokelainen wins face-off versus Josh Hennessy in Punishers zone.
8:01 of 3rd period - Petteri Nokelainen is hit by Stanislav Chistov.
8:44 of 3rd period - Simon Despres is hit by Nick Bjugstad and loses puck.
9:08 of 3rd period - Wrist shot by Nick Bjugstad.
9:08 of 3rd period - Stopped by Kevin Poulin with a rebound.
9:10 of 3rd period - Slapshot by Patrick Wey.
9:10 of 3rd period - Deflect By Matt Frattin.
9:10 of 3rd period - Stopped by Kevin Poulin with a rebound.
9:12 of 3rd period - Wrist shot by Martin Marincin.
9:12 of 3rd period - Stopped by Kevin Poulin with a rebound.
9:14 of 3rd period - Slapshot by Martin Marincin.
9:14 of 3rd period - Deflect By Nick Bjugstad.
9:14 of 3rd period - Shot Misses the Net.
9:14 of 3rd period - Puck is out of play.
9:15 of 3rd period - Josh Hennessy wins face-off versus Luke Adam in Punishers zone.
9:32 of 3rd period - Frazer Mclaren is hit by Stanislav Chistov and loses puck.
10:07 of 3rd period - Snap shot by Radek Smolenak.
10:07 of 3rd period - Stopped by Jonas Gustavsson with a rebound.
10:09 of 3rd period - Wrist shot by Casey Cizikas.
10:09 of 3rd period - Shot Misses the Net.
10:59 of 3rd period - Snap shot by Sergei Kostitsyn.
10:59 of 3rd period - Stopped by Kevin Poulin without a rebound.
11:00 of 3rd period - Petteri Nokelainen wins face-off versus Josh Hennessy in Punishers zone.
11:05 of 3rd period - Wrist shot by Erik Condra.
11:05 of 3rd period - Shot Misses the Net.
12:05 of 3rd period - Slapshot by Matt Frattin.
12:05 of 3rd period - Shot Misses the Net.
12:27 of 3rd period - Wrist shot by Casey Cizikas.
12:27 of 3rd period - Deflect By Tanner Glass.
12:27 of 3rd period - Stopped by Jonas Gustavsson with a rebound.
12:39 of 3rd period - Erik Condra is hit by Josh Hennessy and loses puck.
13:22 of 3rd period - Snap shot by Stanislav Chistov.
13:22 of 3rd period - Stopped by Kevin Poulin with a rebound.
13:24 of 3rd period - Wrist shot by Sergei Kostitsyn.
13:24 of 3rd period - Goal by Sergei Kostitsyn - Punishers : 4 - Senators : 3.
13:25 of 3rd period - Josh Hennessy wins face-off versus Petteri Nokelainen in neutral zone.
13:34 of 3rd period - Slapshot by Stanislav Chistov.
13:34 of 3rd period - Shot Misses the Net.
13:50 of 3rd period - Slapshot by Tanner Glass.
13:50 of 3rd period - Stopped by Jonas Gustavsson with a rebound.
14:12 of 3rd period - Slapshot by Gabriel Bourque.
14:12 of 3rd period - Goal by Gabriel Bourque - Punishers : 4 - Senators : 4.
14:13 of 3rd period - Éric Perrin wins face-off versus Josh Hennessy in neutral zone.
14:31 of 3rd period - Minor Penalty to Mike Sauer for Tripping.
14:32 of 3rd period - Éric Perrin wins face-off versus Josh Hennessy in Punishers zone.
14:32 of 3rd period - Éric Perrin is hit by Erik Karlsson.
16:31 of 3rd period - Penalty to Mike Sauer is over, Mike Sauer is back on ice.
16:36 of 3rd period - Wrist shot by Mike Sauer.
16:36 of 3rd period - Stopped by Jonas Gustavsson with a rebound.
16:44 of 3rd period - Shane Sims is hit by Mike Sauer and loses puck.
16:53 of 3rd period - Snap shot by Cody Hodgson.
16:53 of 3rd period - Shot Misses the Net.
16:55 of 3rd period - Wrist shot by Cody Hodgson.
16:55 of 3rd period - Shot Blocked by Alex Petrovic.
16:57 of 3rd period - Snap shot by Steven Goertzen.
16:57 of 3rd period - Stopped by Kevin Poulin with a rebound.
16:59 of 3rd period - Slapshot by Michal Grosek.
16:59 of 3rd period - Stopped by Kevin Poulin without a rebound.
17:00 of 3rd period - Mark Olver wins face-off versus Erik Condra in Punishers zone.
17:05 of 3rd period - Wrist shot by Jack Skille.
17:05 of 3rd period - Shot Misses the Net.
17:07 of 3rd period - Wrist shot by Jack Skille.
17:07 of 3rd period - Stopped by Kevin Poulin with a rebound.
17:11 of 3rd period - Backhand shot by Gabriel Bourque.
17:11 of 3rd period - Goal by Gabriel Bourque - Punishers : 4 - Senators : 5.
17:12 of 3rd period - Mark Olver wins face-off versus Éric Perrin in neutral zone.
17:39 of 3rd period - Snap shot by Erik Condra.
17:39 of 3rd period - Deflect By Petteri Nokelainen.
17:39 of 3rd period - Shot Misses the Net.
17:39 of 3rd period - Puck is out of play.
17:40 of 3rd period - Josh Hennessy wins face-off versus Petteri Nokelainen in Senators zone.
17:47 of 3rd period - Josh Hennessy is hit by Petteri Nokelainen and loses puck.
18:43 of 3rd period - Icing by Stanislav Chistov.
18:44 of 3rd period - Josh Hennessy wins face-off versus Luke Adam in Senators zone.
18:55 of 3rd period - Punishers, Kevin Poulin is pulled from the net.
19:24 of 3rd period - Snap shot by Tanner Glass.
19:24 of 3rd period - Shot Misses the Net.
19:26 of 3rd period - Snap shot by Adam Pineault.
19:26 of 3rd period - Shot Misses the Net.
19:28 of 3rd period - Snap shot by Adam Pineault.
19:28 of 3rd period - Goal by Adam Pineault - Punishers : 5 - Senators : 5.
19:28 of 3rd period - Kevin Poulin from Punishers was sent back in the game.
19:29 of 3rd period - Mark Olver wins face-off versus Éric Perrin in neutral zone.
19:50 of 3rd period - Éric Perrin is hit by Erik Karlsson.
Goals for this period are 1 for Punishers vs 3 for Senators.
Shots for this period are 5 for Punishers vs 16 for Senators.
Overtime #1
0:01 of 1st overtime period - Sergei Kostitsyn wins face-off versus Éric Perrin in neutral zone.
0:10 of 1st overtime period - Snap shot by Sergei Kostitsyn.
0:10 of 1st overtime period - Stopped by Kevin Poulin without a rebound.
0:11 of 1st overtime period - Sergei Kostitsyn wins face-off versus Éric Perrin in Punishers zone.
0:12 of 1st overtime period - Snap shot by Michal Grosek.
0:12 of 1st overtime period - Deflect By Sergei Kostitsyn.
0:12 of 1st overtime period - Shot Blocked by Tanner Glass.
0:12 of 1st overtime period - Puck is out of play.
0:13 of 1st overtime period - Éric Perrin wins face-off versus Sergei Kostitsyn in Punishers zone.
0:18 of 1st overtime period - Slapshot by Mike Sauer.
0:18 of 1st overtime period - Stopped by Jonas Gustavsson with a rebound.
0:20 of 1st overtime period - Snap shot by Tanner Glass.
0:20 of 1st overtime period - Shot Misses the Net.
0:22 of 1st overtime period - Snap shot by Tanner Glass.
0:22 of 1st overtime period - Stopped by Jonas Gustavsson without a rebound.
0:23 of 1st overtime period - Sergei Kostitsyn wins face-off versus Éric Perrin in Senators zone.
0:23 of 1st overtime period - Sergei Kostitsyn is hit by Mike Sauer.
1:22 of 1st overtime period - Adam Pineault is hit by Milan Jurcina and loses puck.
1:37 of 1st overtime period - Mark Olver is hit by Mike Sauer and loses puck.
2:38 of 1st overtime period - Stanislav Chistov is hit by Adam McQuaid and loses puck.
2:49 of 1st overtime period - Wrist shot by Kris Chucko.
2:49 of 1st overtime period - Stopped by Jonas Gustavsson without a rebound.
2:50 of 1st overtime period - Sergei Kostitsyn wins face-off versus Éric Perrin in Senators zone.
3:07 of 1st overtime period - Michal Grosek is hit by Kris Chucko and loses puck.
3:12 of 1st overtime period - Snap shot by Adam Pineault.
3:12 of 1st overtime period - Shot Misses the Net.
3:14 of 1st overtime period - Slapshot by Adam McQuaid.
3:14 of 1st overtime period - Deflect By Michal Grosek.
3:14 of 1st overtime period - Stopped by Jonas Gustavsson with a rebound.
3:16 of 1st overtime period - Slapshot by Adam McQuaid.
3:16 of 1st overtime period - Stopped by Jonas Gustavsson without a rebound.
3:17 of 1st overtime period - Sergei Kostitsyn wins face-off versus Éric Perrin in Senators zone.
4:13 of 1st overtime period - Slapshot by Adam McQuaid.
4:13 of 1st overtime period - Stopped by Jonas Gustavsson with a rebound.
4:42 of 1st overtime period - Milan Jurcina is hit by Kris Chucko and loses puck.
Goals for this period are 0 for Punishers vs 0 for Senators.
Shots for this period are 6 for Punishers vs 1 for Senators.
ShootOut
5:00 of 1st overtime period - Penalty Shot by Éric Perrin for Punishers.
5:00 of 1st overtime period - Snap shot by Éric Perrin.
5:00 of 1st overtime period - Goal by Éric Perrin.
5:00 of 1st overtime period - Penalty Shot by Sergei Kostitsyn for Senators.
5:00 of 1st overtime period - Snap shot by Sergei Kostitsyn.
5:00 of 1st overtime period - Shot Misses the Net.
5:00 of 1st overtime period - Penalty Shot by Tanner Glass for Punishers.
5:00 of 1st overtime period - Wrist shot by Tanner Glass.
5:00 of 1st overtime period - Stopped by Jonas Gustavsson.
5:00 of 1st overtime period - Penalty Shot by Michal Grosek for Senators.
5:00 of 1st overtime period - Wrist shot by Michal Grosek.
5:00 of 1st overtime period - Stopped by Kevin Poulin.
5:00 of 1st overtime period - Penalty Shot by Kris Chucko for Punishers.
5:00 of 1st overtime period - Wrist shot by Kris Chucko.
5:00 of 1st overtime period - Goal by Kris Chucko.
Back to the Top